AoeStats
← Fake_target

Glade

510949192Analyzed
1v1 RM · 9h ago on Oct 3, 2026· 24m 30s· 2 players
Game mode
Random Map
Map size
Tiny (2 player)
Population
200
Speed
Normal
Resources
Standard
Victory
Conquest
Starting age
Dark Age
Ending age
Imperial Age
RankedLock teamsTeams togetherTeam positionsShared explorationLock speedFull tech treeHidden civsTurbo modeCheats
Victory
Defeat
🇦🇷 Bohemians · Argentina
927
+17
🇨🇿 Bohemians · Czechia
952
-50
lucas_k22
11:10 Feudal Age
15:22 Castle Age
13:08 Loom
13:35 Double-Bit Axe
14:29 Horse Collar
23:04 Fletching
25:36 Wheelbarrow
24:48 Town Watch
Fake_target
3:15 Loom
11:52 Feudal Age
13:48 Wheelbarrow
21:41 Castle Age
Connection lost

Rejoining the realm…

Still unreachable

The connection could not be restored.

Session expired

The server has moved on; the page needs a fresh start.